 Dungeon Crawl Stone Soup version 0.19.1 (webtiles) character file.

765 Idleism the Scholar of Death (level 7, 0/54 (55) HPs)
             Began as a Ghoul Necromancer on Dec 10, 2016.
             Was a Follower of Kikubaaqudgha.
             Killed from afar by a crimson imp (21 damage)
             ... with a wand of lightning
             ... on level 6 of the Dungeon.
             The game lasted 00:22:19 (5258 turns).

Idleism the Scholar of Death (Ghoul Necromancer)    Turns: 5258, Time: 00:22:21

HP:   0/54 (55)     AC:  3    Str: 12    XL:     7   Next: 81%
MP:   6/10          EV: 13    Int: 12    God:    Kikubaaqudgha [*.....]
Gold: 298           SH:  0    Dex:  9    Spells: 4 memorised, 3 levels left

rFire  . . .     SeeInvis .     t - +2 war axe (freeze)
rCold  + . .     Gourm    .     a - +0 robe
rNeg   + + +     Faith    .     (no shield)
rPois  ∞         Spirit   .     (no helmet)
rElec  .         Reflect  .     (no cloak)
rCorr  .         Harm     .     (no gloves)
MR     .....                    E - +0 pair of boots
Stlth  ++........               (no amulet)
                                (no ring)
                                (no ring)

@: rotting
A: rotting body, claws 1, carnivore 3, cold resistance 1, negative energy
resistance 3, slow regeneration 1, torment resistance, unbreathing
a: Receive Corpses, Renounce Religion


You were on level 6 of the Dungeon.
You worshipped Kikubaaqudgha.
Kikubaaqudgha was aware of your devotion.
You were not hungry.

You visited 1 branch of the dungeon, and saw 6 of its levels.

You collected 298 gold pieces.

Inventory:

Hand Weapons
 h - a +0 short sword of protection
 t - a +2 war axe of freezing (weapon)
Armour
 a - a +0 robe (worn)
 E - a +0 pair of boots (worn)
Wands
 C - a wand of polymorph (12/24)
Scrolls
 d - a scroll of random uselessness {unknown}
 g - 4 scrolls of remove curse
 j - a scroll of amnesia {unknown}
 n - a scroll of fog {unknown}
 o - a scroll of noise {unknown}
 p - 2 scrolls of identify {unknown}
 q - 2 scrolls of teleportation {unknown}
 s - a scroll of enchant armour {unknown}
 y - 2 scrolls of recharging {unknown}
 B - a scroll of immolation {unknown}
 D - a scroll of magic mapping {unknown}
Potions
 e - a potion of ambrosia {unknown}
 f - 5 potions of lignification {unknown}
 k - 3 potions of brilliance {unknown}
 l - 2 potions of agility {unknown}
 m - a potion of berserk rage {unknown}
 r - a potion of heal wounds {unknown}
 u - a potion of haste {unknown}
 x - 3 potions of curing {unknown}
 A - a potion of might {unknown}
Books
 b - a book of Necromancy

   Spells                             Type                      Level
   a - Pain                           Necromancy                   1
   b - Animate Skeleton               Necromancy                   1
   c - Vampiric Draining              Necromancy                   3
   d - Regeneration                   Charms/Necromancy            3
   e - Animate Dead                   Necromancy                   4
   f - Control Undead                 Necromancy                   4
 v - Kikubaaqudgha's Collected Works on Necromancy
   (Kikubaaqudgha gifted it to you on level 3 of the Dungeon)

   Spells                             Type                      Level
   a - Animate Skeleton               Necromancy                   1
   b - Pain                           Necromancy                   1
   c - Corpse Rot                     Necromancy                   2
   d - Regeneration                   Charms/Necromancy            3
   e - Control Undead                 Necromancy                   4
Comestibles
 c - 2 meat rations
 i - a chunk of flesh
 w - a slice of pizza
 z - 2 royal jellies


   Skills:
 - Level 2.0 Fighting
 - Level 3.3 Dodging
 - Level 2.1 Stealth
 - Level 3.0 Spellcasting
 + Level 7.9 Necromancy


You had 3 spell levels left.
You knew the following spells:

 Your Spells              Type           Power        Failure   Level  Hunger
a - Pain                  Necr           ###.         1%          1    #......
b - Animate Skeleton      Necr           N/A          1%          1    #......
c - Vampiric Draining     Necr           ###.......   2%          3    ###....
d - Animate Dead          Necr           N/A          12%         4    #####..


Dungeon Overview and Level Annotations

Branches:
Dungeon (6/15)
 Temple: D:4-7

Altars:
Cheibriados
Gozag
Kikubaaqudgha
Yredelemnul
The Shining One

Annotations:
D:5 1 exclusion, Blork the orc


Innate Abilities, Weirdness & Mutations

Your body is rotting away.
You thrive on raw meat.
You are immune to poison.
You have sharp fingernails.
You are carnivorous and can eat meat at any time.
Your flesh is cold resistant. (rC+)
You are immune to negative energy. (rN+++)
You regenerate slowly when monsters are visible.
You are immune to unholy pain and torment.
You can survive without breathing.


Message History

You closely miss the hungry ghost.
The hungry ghost is heavily damaged.
You hit the crimson imp. You freeze the crimson imp. The crimson imp hits you.
The hungry ghost misses you. The crimson imp hits you.
The hungry ghost completely misses you.
You miss the hungry ghost.
The hungry ghost is heavily damaged.
You completely miss the crimson imp. The crimson imp hits you.
The hungry ghost hits you.
You completely miss the hungry ghost.
The hungry ghost is heavily damaged.
You miss the crimson imp. The crimson imp hits you. The hungry ghost hits you.
The crimson imp barely misses you. The hungry ghost barely misses you.
You closely miss the hungry ghost.
The hungry ghost is heavily damaged.
You hit the crimson imp. You freeze the crimson imp.
The crimson imp zaps a wand.
The bolt of lightning misses you. The bolt of lightning hits you!
You die...
Kikubaaqudgha rasps: "You have failed me!
Welcome... oblivion!"

#.######..#####.#
###.#.............#
..#.#.##########..##
#.#...........##..^.
#.###.#######.##.... #.#.#.#
#.##.... #.#.#.# #.##.... . #####
##.#.#.# #.##.... . #...#
#...@..# #.##.... . #...#
#..5W..# #.##.... [ #...#
#......# #.##.... . #...#
#......# #.##....
.######...###.....########.##....
...).)..............>......#.....
.%#####...##......###.######.#...
..# #...##.#.#.####.## #.#...
....########.#.........# #.#...


You could see a hungry ghost and a crimson imp.

Vanquished Creatures
  A centaur (D:5)
  A bullfrog (D:5)
  2 scorpions (D:5)
  A crimson imp (D:5)
  A bullfrog zombie (D:6)
  3 hounds (D:4)
  Natasha (twice) (D:3 D:4)
  A worker ant (D:5)
  8 adders
  3 gnolls
  3 shadow imps
  An ooze (D:3)
  An adder zombie (D:5)
  A worm (D:2)
  3 dart slugs
  3 leopard geckos
  6 orcs
  9 giant cockroaches
  8 hobgoblins
  A jackal (D:1)
  10 kobolds
  4 quokkas
  3 ball pythons
  11 bats
  3 frilled lizards
  15 goblins
  5 hobgoblin zombies (D:5)
  2 kobold skeletons (D:5)
  An orc zombie (D:5)
  6 rats
119 creatures vanquished.

Vanquished Creatures (collateral kills)
  Natasha (D:4)
  A worker ant (D:4)
  2 worms (D:4)
  A bat (D:3)
  A jackal (D:1)
  A ball python (D:1)
  A frilled lizard (D:1)
  A kobold skeleton (D:5)
9 creatures vanquished.

Grand Total: 128 creatures vanquished

Notes
Turn   | Place    | Note
-------+----------+-------------------------------------------
     0 | D:1      | Idleism the Ghoul Necromancer began the quest for the Orb.
     0 | D:1      | Reached XP level 1. HP: 14/14 MP: 2/2
     3 | D:1      | Learned a level 1 spell: Animate Skeleton
   245 | D:1      | Reached XP level 2. HP: 20/20 MP: 0/3
   744 | D:1      | Reached XP level 3. HP: 21/26 MP: 1/4
   825 | D:1      | Reached skill level 5 in Necromancy
   844 | D:1      | Learned a level 3 spell: Vampiric Draining
  1432 | D:2      | Noticed Natasha
  1637 | D:2      | Reached XP level 4. HP: 33/33 MP: 3/6
  2267 | D:2      | Found an ancient bone altar of Kikubaaqudgha.
  2269 | D:2      | Found a snail-covered altar of Cheibriados.
  2269 | D:2      | Found a basalt altar of Yredelemnul.
  2275 | D:2      | Became a worshipper of Kikubaaqudgha
  2406 | D:3      | Reached skill level 1 in Fighting
  2523 | D:3      | Reached XP level 5. HP: 40/40 MP: 4/8
  2693 | D:3      | Killed Natasha
  2995 | D:3      | Reached * piety under Kikubaaqudgha
  2995 | D:3      | Identified Kikubaaqudgha's Collected Works on Necromancy (Kikubaaqudgha gifted it to you on level 3 of the Dungeon)
  2995 | D:3      | Received a gift from Kikubaaqudgha
  3013 | D:3      | Learned a level 4 spell: Animate Dead
  3430 | D:4      | Noticed Natasha
  3440 | D:4      | Killed Natasha
  3449 | D:4      | Reached skill level 6 in Necromancy
  3449 | D:4      | Reached XP level 6. HP: 43/48 MP: 2/9
  3476 | D:4      | Noticed Natasha
  3479 | D:4      | Killed Natasha
  3985 | D:5      | Entered Level 5 of the Dungeon
  4055 | D:5      | Reached skill level 7 in Necromancy
  4100 | D:5      | Found an opulent altar of Gozag.
  4136 | D:5      | Reached XP level 7. HP: 31/55 MP: 0/10
  4304 | D:5      | Found a glowing golden altar of the Shining One.
  4568 | D:5      | Noticed Blork the orc
  5211 | D:6      | Noticed a hungry ghost
  5258 | D:6      | Killed from afar by a crimson imp

Skill      XL: |  1  2  3  4  5  6  7 |
---------------+----------------------+-----
Necromancy     | 5 6 7 |  7.9
Spellcasting   | 2 3 |  3.0
Fighting       | 1 2 |  2.0
Dodging        | 2 3 |  3.3
Stealth        | |  2.1

Action                   |  1- 3 |  4- 6 |  7- 9 || total
-------------------------+-------+-------+-------++-------
Melee: Unarmed           |    26 |       |       ||    26
       Short sword       |    43 |   145 |       ||   188
       War axe           |       |     2 |    73 ||    75
 Cast: Pain              |    46 |   111 |     9 ||   166
       Animate Skeleton  |     9 |    18 |     4 ||    31
       Vampiric Draining |       |     3 |     3 ||     6
       Animate Dead      |       |       |     1 ||     1
Invok: Receive Corpses   |       |     1 |       ||     1
  Use: Scroll            |       |     1 |       ||     1
 Stab: Sleeping          |     4 |     3 |     1 ||     8
  Eat: Chunk             |    28 |     9 |     4 ||    41
Armor: Robe              |    14 |    52 |    17 ||    83
Dodge: Dodged            |    56 |   121 |    60 ||   237
